 Dungeon Crawl Stone Soup version 0.31.0-7-gf635a9b802 (webtiles) character file.

Game seed: 2575273832190616657

5411 olmar the Geomancer (level 10, -11/109 HPs)
             Began as a Demigod Earth Elementalist on Jan 24, 2024.
             Killed from afar by a gargoyle (32 damage)
             ... with a stone arrow
             ... on level 8 of the Dungeon.
             The game lasted 00:08:34 (9913 turns).

olmar the Geomancer (Demigod Earth Elementalist)    Turns: 9913, Time: 00:08:34

Health: -11/109    AC: 25    Str:  9    XL:     10   Next: 17%
Magic:  7/27       EV:  2    Int: 29    God:
Gold:   368        SH:  0    Dex: 14    Spells: 11/26 levels left

rFire   . . .        C - +1 demon whip (venom)
rCold   . . .        (no shield)
rNeg    . . .        x - melded +0 steam dragon scales
rPois   +            (helmet currently unavailable)
rElec   .            (cloak currently unavailable)
rCorr   .            (gloves currently unavailable)
SInv    .            (boots currently unavailable)
Will    +....        (no amulet)
Stlth   ++           o - +5 ring of evasion
HPRegen 0.38/turn    (no ring)
MPRegen 0.20/turn

%: no passive effects
@: tree-form
A: stationary, stasis, torment immunity, boosted hp, high MP 1, forlorn, divine
attributes
a: no special abilities


You were on level 8 of the Dungeon.
You were a tree.
You visited 1 branch of the dungeon, and saw 8 of its levels.

You collected 368 gold pieces.

Inventory:

Hand Weapons
 C - a +1 demon whip of venom (weapon)
Missiles
 n - 12 poisoned darts
Armour
 a - a +0 robe
 x - +0 steam dragon scales (melded)
Magical Staves
 E - a staff of fire
Jewellery
 o - a +5 ring of evasion (left branch)
 s - a ring of protection from fire
 y - a ring of positive energy
 A - a ring of see invisible
Wands
 p - a wand of polymorph (4)
 q - a wand of mindburst (1)
Scrolls
 c - a scroll of vulnerability
 d - 2 scrolls of silence
 f - a scroll of poison {unknown}
 h - a scroll of fog
 k - a scroll of fear
 r - 2 scrolls of teleportation
 t - a scroll of amnesia {unknown}
 u - a scroll of blinking {unknown}
 w - 4 scrolls of identify {unknown}
 D - a scroll of noise {unknown}
Potions
 b - a potion of magic
 g - 2 potions of resistance {unknown}
 i - 2 potions of heal wounds {unknown}
 j - 2 potions of curing
 l - a potion of attraction {unknown}
 m - 3 potions of berserk rage {unknown}
 v - a potion of ambrosia {unknown}
 z - a potion of might {unknown}
 B - a potion of brilliance {unknown}


   Skills:
 + Level 2.3 Fighting
 - Level 1.7 Dodging
 - Level 1.7 Stealth
 + Level 0.1 Unarmed Combat
 + Level 8.7 Spellcasting
 + Level 5.6 Conjurations
 + Level 9.3 Earth Magic


You had 11 spell levels left.
You knew the following spells:

 Your Spells              Type           Power      Damage    Failure   Level
a - Sandblast             Erth           100%       2d20      1%          1
b - Stone Arrow           Conj/Erth      100%       3d13      1%          3
c - Brom's Barrelling Bo  Conj/Erth      54%        2d7       1%          4
d - Petrify               Alch/Erth      39%        N/A       6%          4
e - Passwall              Erth           61%        N/A       1%          3

Your spell library contained the following spells:

 Spells                   Type           Power      Damage    Failure   Level
 Gell's Gravitas          Tloc           12%        N/A       13%         3
 Teleport Other           Tloc           12%        N/A       13%         3
 Dispersal                Tloc           6%         N/A       100%        6


Dungeon Overview and Level Annotations

Branches:
Dungeon (8/15)             Temple (0/1) D:7
   Lair: D:8-11

Shops:
D:6 (

Annotations:
D:2 1 runed translucent door, Crazy Yiuf
D:7 3 runed translucent doors, Vadun's ghost, novice DsGl


Innate Abilities, Weirdness & Mutations

You are a tree.
Your roots penetrate the ground, keeping you stationary.
You cannot be teleported.
You are immune to unholy pain and torment.
Your maximum health is greatly increased.
Your equipment is partially melded.
You have an increased reservoir of magic. (+10% MP)
You shall have no god before yourself.
Your divine heritage dramatically boosts your attributes as you level up.


Message History

The acid dragon's mind is blasted!
You blow up the acid dragon!
The acid dragon scales are intact enough to wear.
Aiming: Mindburst
Press: ? - help, Shift-Dir - straight line, f - wraith
Aim: a wraith (chance to affect: 29%)
The wraith's mind is blasted!
The wraith hits you.
* * * LOW HITPOINT WARNING * * *
Unknown command.
Aiming: Mindburst
Press: ? - help, Shift-Dir - straight line, f/p - wraith
Aim: a wraith (heavily damaged, chance to affect: 29%)
The wraith's mind is blasted.
The wraith hits you but does no damage.
Unknown command.
Unknown command.
Aiming: Mindburst
Press: ? - help, Shift-Dir - straight line, f/p - wraith
Aim: a wraith (severely damaged, chance to affect: 29%)
The wraith's mind is blasted!
You blow up the wraith!
Unknown command.
You start resting.
You are no longer corroded.
You start resting.
A gargoyle comes into view. It is wielding a +3 flail.
A gargoyle is nearby!
Aiming: Mindburst
Press: ? - help, Shift-Dir - straight line, f - gargoyle
Aim: a gargoyle, wielding a +3 flail (chance to affect: 47%)
The gargoyle resists with some effort.
The gargoyle hurls a stone arrow at you.
The stone arrow hits you!
* * * LOW HITPOINT WARNING * * *
Aiming: Mindburst
Press: ? - help, Shift-Dir - straight line, f/p - gargoyle
Aim: a gargoyle, wielding a +3 flail (chance to affect: 47%)
The gargoyle resists with some effort.
The gargoyle hurls a stone arrow at you.
The stone arrow hits you!!
You die...

##....>..#...##s###
#.......#?........
##......#.........
###...4#.........
###......###...
###...#########
###..........
#9###........
#.[♣##......
#.###........
###..........
###............
###..............
###...############.
##.[..............#
#..........)......#
##.................#


You could see a gargoyle.

Vanquished Creatures
  Amaemon (D:8)
  An orange demon (D:8)
  A gargoyle (D:8)
  2 hornets
  Grinder (D:4)
  Sigmund (D:4)
  A wraith (D:8)
  2 steam dragons
  2 acid dragons (D:8)
  A water moccasin (D:5)
  2 black bears
  An orc warrior (D:8)
  2 sky beasts
  An ogre (D:5)
  A centaur (D:6)
  A kobold brigand (D:8)
  3 bullfrogs
  7 scorpions
  A burial acolyte (D:7)
  9 wights
  A howler monkey (D:8)
  A vampire bat (D:3)
  3 bombardier beetles
  4 hounds
  2 orc priests
  3 jellies
  2 sleepcaps (D:7)
  4 iguanas
  4 orc wizards
  3 gnolls (D:4)
  5 adders
  A shadow imp (D:6)
  8 ufetubi
  2 adder zombies (D:7)
  3 fire bats (D:3)
  3 ribbon worms
  11 orcs
  2 spectral bats (D:3)
  3 bat skeletons (D:3)
  A bat zombie (D:3)
  9 endoplasms
  2 giant cockroaches (D:2)
  8 goblins
  6 hobgoblins
  2 jackals (D:4)
  2 quokkas
  5 ball pythons
  13 bats
  A bat simulacrum (D:3)
  2 frilled lizards
  2 jackal zombies (D:7)
  5 kobolds
  3 rats
167 creatures vanquished.

Notes
Turn   | Place    | Note
-------+----------+-------------------------------------------
     0 | D:1      | olmar the Demigod Earth Elementalist began the quest for
                  | the Orb.
     0 | D:1      | Reached XP level 1. HP: 14/14 MP: 5/5
   639 | D:1      | Reached skill level 3 in Earth Magic
   850 | D:2      | Reached XP level 2. HP: 20/20 MP: 2/7
  1566 | D:2      | Found a runed translucent door.
  1567 | D:2      | Noticed Crazy Yiuf
  1664 | D:2      | Reached XP level 3. HP: 26/26 MP: 6/9
  2154 | D:3      | Learned a level 3 spell: Stone Arrow
  2468 | D:3      | Reached XP level 4. HP: 33/33 MP: 5/11
  2513 | D:3      | Reached skill level 4 in Earth Magic
  2618 | D:3      | Reached XP level 5. HP: 38/38 MP: 11/13
  2944 | D:3      | Learned a level 4 spell: Brom's Barrelling Boulder
  3572 | D:4      | Reached XP level 6. HP: 19/45 MP: 10/15
  3805 | D:4      | Learned a level 4 spell: Petrify
  3912 | D:4      | Reached skill level 5 in Earth Magic
  4082 | D:4      | Reached skill level 1 in Conjurations
  4217 | D:4      | Noticed Sigmund
  4222 | D:4      | Killed Sigmund
  4223 | D:4      | Reached skill level 5 in Spellcasting
  4223 | D:4      | Reached XP level 7. HP: 51/51 MP: 9/18
  4453 | D:4      | Noticed Grinder
  4457 | D:4      | Killed Grinder
  4458 | D:4      | Reached skill level 1 in Fighting
  4458 | D:4      | Reached skill level 6 in Earth Magic
  4717 | D:5      | Entered Level 5 of the Dungeon
  4896 | D:5      | Learned a level 3 spell: Passwall
  5292 | D:5      | Reached XP level 8. HP: 55/59 MP: 7/20
  6494 | D:6      | Reached skill level 7 in Earth Magic
  7052 | D:6      | Found Gaclary's Antique Weapon Shop.
  7595 | D:7      | Found a runed translucent gate.
  7595 | D:7      | Found a runed translucent gate.
  7595 | D:7      | Found a runed translucent gate.
  7844 | D:7      | Found a staircase to the Ecumenical Temple.
  8044 | D:7      | Reached XP level 9. HP: 67/67 MP: 19/24
  8775 | D:7      | Noticed Vadun's ghost (novice DsGl)
  8971 | D:8      | Reached skill level 8 in Earth Magic
  9002 | D:8      | Noticed Amaemon
  9003 | D:8      | Noticed an orange demon
  9522 | D:8      | Killed an orange demon
  9530 | D:8      | Killed Amaemon
  9531 | D:8      | Reached skill level 5 in Conjurations
  9733 | D:8      | Reached XP level 10. HP: 73/73 MP: 16/26
  9876 | D:8      | Reached skill level 9 in Earth Magic
  9913 | D:8      | Killed from afar by a gargoyle

Illustrated notes

Levels and vault maps discovered:
D:1:      sevenhm_arrival_forest_fort_large_3, layout_basic
D:2:      layout_basic, ebering_dispersal_statue_hall, uniq_crazy_yiuf_cottage
D:3:      layout_basic, lemuel_crystal_altar,
          dilly_ecumenical_altar_fadedgnrine, goddamned_bats
D:4:      layout_loops_ring, nicolae_dithmenos_the_darkroom,
          lemuel_coloured_pillars_altar, uniq_grinder, uniq_sigmund
D:5:      layout_layer_cave, mainiacjoe_overflow_24_doors, minmay_crossroads
D:6:      layout_gridville, serial_shops, nicolae_shop_dealshenge,
          minmay_stone_trees_small, kennysheep_cross_room
D:7:      layout_loops_corners, mainiacjoe_overflow_chevrons,
          lemuel_zombie_altar_kikubaaqudgha, lemuel_crystal_altar,
          minmay_temple_entry_junction, gammafunk_ghost_necromancy
D:8:      minmay_the_grid_four_pointed_star
          [minmay_the_grid_triangle_9x9_thin_v,
          minmay_the_grid_triangle_9x9_windchime,
          minmay_the_grid_triangle_9x9_fully_insulated_deathbox,
          minmay_the_grid_triangle_9x9_checkered,
          minmay_the_grid_prize_four_corners], layout_gridville,
          minmay_checkerbox, uniq_amaemon

Skill      XL: |  1  2  3  4  5  6  7  8  9 10 |
---------------+-------------------------------+-----
Spellcasting   | 2 3 4 5 6 7 8 |  8.7
Earth Magic    | 3 4 5 6 7 8 9 |  9.3
Conjurations   | 1 3 5 |  5.6
Fighting       | 1 2 |  2.3
Dodging        | |  1.7
Stealth        | |  1.7
Unarmed Combat | |  0.1

Action                     |  1- 3 |  4- 6 |  7- 9 | 10-12 || total
---------------------------+-------+-------+-------+-------++-------
  Melee: Unarmed           |       |       |     2 |       ||     2
   Cast: Sandblast         |    62 |    63 |    26 |       ||   151
         Stone Arrow       |       |     8 |   118 |    11 ||   137
  Evoke: Wand              |       |       |     3 |    15 ||    18
    Use: Scroll            |       |     3 |     3 |       ||     6
         Potion            |       |       |     3 |     1 ||     4
 Armour: Robe              |    20 |    25 |    21 |       ||    66
         Skin              |       |       |    18 |    11 ||    29
         Steam dragon scal |       |       |    13 |     4 ||    17
  Dodge: Dodged            |    32 |    21 |    65 |    10 ||   128
